 Dungeon Crawl Stone Soup version 0.23.0-3-gf3c87f2 (webtiles) character file.

Game seed: 11907477600747415719

568384 sanboga the Axe Maniac (level 26, 0/276 HPs)
             Began as a Gargoyle Berserker on Feb 20, 2019.
             Was the Champion of Trog.
             Splashed by an acid blob's acid (2 damage)
             ... on level 1 of the Realm of Zot on Feb 21, 2019.
             The game lasted 01:27:50 (46187 turns).

sanboga the Axe Maniac (Gargoyle Berserker)        Turns: 46187, Time: 01:27:50

Health: 0/276      AC: 60    Str: 40    XL:     26   Next: 88%
Magic:  23/23      EV:  9    Int: 14    God:    Trog [******]
Gold:   3093       SH:  0    Dex: 12    Spells: 25/25 levels left

rFire    + . .     SeeInvis +   d - +9 executioner's axe (flame)
rCold    + + .     Gourm    .   (shield currently unavailable)
rNeg     + . .     Faith    .   D - +11 crystal plate armour {rC+}
rPois    ∞         Spirit   .   S - +2 helmet {SInv}
rElec    +         Reflect  .   b - +2 cloak {rC+}
rCorr    .         Harm     .   J - +0 pair of gloves {Dex+3}
MR       ++...                  t - +2 pair of boots
Stlth    ..........             n - amulet of regeneration
HPRegen  0.96/turn              C - ring "Gerar" {rF+ MR+ Int+4 Stlth+}
MPRegen  0.18/turn              w - ring of Ythith {AC+2 Str+4}

@: berserking, about to teleport, corroded, flying, very quick
A: big wings, deterioration 1, negative energy resistance 1, electricity
resistance, unbreathing, petrification resistance, rot immunity, AC +20
}: 3/15 runes: decaying, serpentine, silver
a: Stop Flying, Berserk, Trog's Hand, Brothers in Arms, Renounce Religion


You were on level 1 of the Realm of Zot.
You worshipped Trog.
Trog was exalted by your worship.
You were very hungry.

You visited 8 branches of the dungeon, and saw 42 of its levels.
You visited the Abyss 2 times.
You also visited: Ossuary, Gauntlet, Ice Cave and Wizlab.

You collected 5305 gold pieces.
You spent 2212 gold pieces at shops.

Inventory:

Hand Weapons
 d - a +9 executioner's axe of flaming (weapon)
 B - a +9 executioner's axe of electrocution
Armour
 b - a +2 cloak of cold resistance (worn)
 t - a +2 pair of boots (worn)
 D - a +11 crystal plate armour of cold resistance (worn)
 J - a +0 pair of gloves of dexterity (worn)
 S - a +2 helmet of see invisible (worn)
Jewellery
 a - a +4 amulet of reflection
 n - an amulet of regeneration (around neck)
 w - the ring of Ythith (right hand) {AC+2 Str+4}
   (You found it in a Gauntlet)

   [ring of protection]

   It affects your AC (+2).
   It affects your strength (+4).
 C - the ring "Gerar" (left hand) {rF+ MR+ Int+4 Stlth+}
   (You found it on level 6 of the Lair of Beasts)

   [ring of protection from magic]

   It affects your intelligence (+4).
   It protects you from fire.
   It affects your resistance to hostile enchantments.
   It makes you more stealthy.
 H - an uncursed ring of protection from fire
 M - an uncursed ring of protection from cold
 O - an uncursed ring of protection from cold
Wands
 h - a wand of digging (15)
 q - a wand of paralysis (32)
 r - a wand of polymorph (9)
 s - a wand of disintegration (34)
 u - a wand of random effects (102)
 z - a wand of acid (10)
 E - a wand of flame (88)
 G - a wand of iceblast (39)
 K - a wand of enslavement (45)
Scrolls
 f - 23 scrolls of teleportation
 g - 23 scrolls of remove curse
 i - 13 scrolls of magic mapping
 p - a scroll of enchant weapon
 v - 4 scrolls of fear
 y - 22 scrolls of identify
 F - 3 scrolls of blinking
 I - 12 scrolls of fog
 P - a scroll of summoning
Potions
 e - 6 potions of haste
 j - 3 potions of heal wounds
 k - 12 potions of might
 l - 11 potions of curing
 m - 6 potions of invisibility
 o - 4 potions of cancellation
 x - 4 potions of ambrosia
 L - 2 potions of resistance
 N - 8 potions of mutation
Comestibles
 c - 63 rations
 A - a chunk of flesh


   Skills:
 + Level 24.2 Fighting
 O Level 27 Axes
 + Level 24.1 Armour
 - Level 1.5 Dodging


You had 25 spell levels left.
You didn't know any spells.
Your spell library was empty.

Dungeon Overview and Level Annotations

Branches:
Dungeon (15/15)            Temple (0/1) D:5            Lair (6/6) D:8
  Swamp (4/4) Lair:4        Snake (4/4) Lair:3        Slime (0/5) Lair:5
    Orc (2/2) D:12            Elf (0/3) Orc:2        Vaults (5/5) D:13
  Crypt (0/3) Vaults:3     Depths (5/5) D:15            Zot (1/5) Depths:5

Altars:
Ashenzari
Dithmenos
Elyvilon
Gozag
Kikubaaqudgha
Nemelex Xobeh
Sif Muna
Trog
Uskayaw
Vehumet
Wu Jian
Xom
Yredelemnul
Beogh

Shops:
D:4 =*   D:10 %:[   D:12 }   Orc:2 *?=(   Snake:2 %!?[   Vaults:1 *!([}
Vaults:3 =   Depths:3 =

Portals:
Hell: Depths:1 Depths:2 Depths:3 Depths:4 Depths:5
Abyss: Depths:2 Depths:4
Pandemonium: Depths:1 Depths:3 Depths:5
Ziggurat: Depths:1
Trove: D:12 (show slimy rune of Zot)

Annotations:
Depths:2 bepnewt's ghost, adept MiFi


Innate Abilities, Weirdness & Mutations

You are resistant to torment.
Your stone body is resilient. (AC +20)
You are immune to poison.
Your large and strong wings let you fly indefinitely.
You resist negative energy. (rN+)
You are resistant to electric shocks. (rElec)
You can survive without breathing.
You are immune to petrification.
You are immune to rotting.
Your body sometimes deteriorates upon taking damage.


Message History

The acid corrodes you!
Your hands burn!
* * * LOW HITPOINT WARNING * * *
The acid blob is almost dead.
You slash the acid blob! You burn the acid blob.
Your hands burn!
* * * LOW HITPOINT WARNING * * *
You slash the acid blob! You burn the acid blob.
Your hands burn!
* * * LOW HITPOINT WARNING * * *
You slash the jelly! You burn the jelly.
Your hands burn!
* * * LOW HITPOINT WARNING * * *
You slice the acid blob!! You burn the acid blob!
Your hands burn!
* * * LOW HITPOINT WARNING * * *
You hear a roar!
An acid blob comes into view.
The acid blob spits acid at you.
The splash of acid hits you but does no damage.
You are splashed with acid!
* * * LOW HITPOINT WARNING * * *
The jelly hits you but does no damage.
You hit the acid blob. You burn the acid blob.
Your hands burn!
You die...

###..# #.## #....# d..### #.#
.....# .# #...#.###.# # .....##
.J# #...##.....### ......# ...##
##....#.........
......##.....####.Jq..##..####...
.......##...JqJJdyJ..###.## ##.#
........###.JJJJJJJ# ##..# #..
...###...####JqJ@#####..## ##.
.### #.###..##kJ##..#...# #. ##
#.#..####........### #. ##
###...## ###....### ##.
.###.....### ##..## ##..
....##.....######..# ##...
...###.........##..# ##.... ...#
##..#####.....## ##..... ....#
#...########..### ##......


You could see a yellow draconian knight, 7 acid blobs, 2 draconians, a yellow
draconian stormcaller, a yellow draconian annihilator, a lindwurm, a moth of
wrath and 9 jellies.

Vanquished Creatures
  Mara (Vaults:2)
  A juggernaut (Depths:3)
  4 ancient liches
  3 greater mummies (Depths:2)
  Sojobo (Depths:2)
  Frederick (Vaults:2)
  Margery (Vaults:2)
  Xtahua (Depths:4)
  Saint Roka (Vaults:4)
  6 golden dragons
  A profane servitor (Abyss:2)
  Nikola (Snake:3)
  Jory (Depths:4)
  2 bone dragons (Depths:5)
  The ghost of Xutext the Spry, an adept DsAK of Lugonu (Depths:3)
  The ghost of Xutext the Spry, an adept DsAK of Lugonu (Depths:4)
  Rupert (Lair:3)
  11 tentacled monstrosities
  2 quicksilver dragons
  2 titans
  3 liches
  2 acid blobs (Zot:1)
  7 sphinxes
  4 storm dragons
  A death cob (Zot:1)
  11 tengu reavers
  10 shadow dragons
  3 thorn hunters
  2 draconian monks
  10 nagarajas
  9 fire giants
  2 draconian knights (Zot:1)
  10 frost giants
  A deep elf sorcerer (Vaults:2)
  13 vault wardens
  A balrug (Depths:3)
  2 orc warlords
  A deep elf elementalist (Vaults:5)
  2 draconian shifters
  2 cacodemons (Depths:4)
  A reaper (IceCv)
  3 draconian annihilators
  A draconian stormcaller (Zot:1)
  20 very ugly things
  11 ironheart preservers
  2 war gargoyles
  20 stone giants
  A juggernaut skeleton (Depths:1)
  A stone giant (shapeshifter) (Vaults:1)
  An entropy weaver (shapeshifter) (D:13)
  A green draconian (Zot:1)
  3 vampire knights
  An entropy weaver (Vaults:4)
  A deep elf demonologist (Vaults:5)
  4 deep elf annihilators (Vaults:5)
  7 yellow draconians (Zot:1)
  A minotaur (Gauntlet)
  A black draconian (Depths:5)
  A white draconian (Zot:1)
  13 purple draconians
  3 red draconians
  7 spark wasps
  13 ettins
  9 statues (WizLab)
  A green death (Depths:3)
  8 fire dragons
  2 deep elf death magi (Vaults:2)
  The ghost of caco the Basher, a journeyman GrBe of Trog (Lair:4)
  A crystal guardian (Vaults:1)
  2 mummy priests (Depths:2)
  19 yaktaur captains
  Josephine (Lair:4)
  2 deep elf high priests
  A blizzard demon (Depths:5)
  8 great orbs of eyes
  36 vault guards
  32 hydras
  Fannar (Lair:1)
  10 rakshasas
  13 naga warriors
  A spectral shadow dragon (Depths:3)
  2 spriggan air magi (Depths:3)
  2 catoblepae (Lair:6)
  3 ghost crabs
  7 ice dragons
  6 alligators
  2 shambling mangroves
  11 centaur warriors
  Erica (D:8)
  33 two-headed ogres
  A dancing weapon (Vaults:5)
  12 ogre magi
  12 anacondas
  5 death yaks (Lair:5)
  2 death knights
  A vampire mage (Vaults:1)
  3 deep troll earth magi
  9 deep troll shamans
  An alligator (shapeshifter) (Depths:4)
  4 orc high priests (Orc:2)
  3 spriggan berserkers
  4 tengu warriors
  2 soul eaters
  7 shock serpents
  17 naga sharpshooters
  16 hell knights
  2 sun demons (Depths:3)
  3 iron trolls
  A shock serpent (shapeshifter) (Depths:4)
  6 deep elf knights
  4 salamander mystics (Snake:4)
  A shadow wraith (Vaults:3)
  5 skeletal warriors
  A spectral iron dragon (Depths:3)
  A torturous demonspawn (Depths:3)
  A glowing orange brain (shapeshifter) (Depths:4)
  3 flayed ghosts
  A deep troll (shapeshifter) (Vaults:1)
  A death drake (shapeshifter) (Depths:4)
  7 glowing orange brains
  23 deep trolls
  7 unseen horrors
  A storm dragon skeleton (Vaults:3)
  8 naga ritualists
  2 spectral hydras (Lair:4)
  7 deep elf archers
  7 swamp dragons
  3 wizards
  4 spriggan druids
  15 ironbrand convokers
  12 necromancers
  6 phantasmal warriors
  A lindwurm (Lair:6)
  4 harpies (Vaults:1)
  30 deep elf magi
  A sphinx zombie (Depths:4)
  9 mana vipers
  A shining eye (shapeshifter) (Vaults:4)
  12 wolf spiders
  8 orc sorcerers
  51 ugly things
  A fire giant zombie (Depths:1)
  A faun (shapeshifter) (Vaults:1)
  6 cyclopes
  17 orc knights
  2 cyclopes (shapeshifter)
  4 manticores
  2 human skeletons
  2 sphinx skeletons
  6 moths of wrath
  9 salamanders
  10 guardian serpents
  A tengu skeleton (Depths:4)
  An elephant (shapeshifter) (Vaults:4)
  2 ice statues (IceCv)
  A stone giant skeleton (Vaults:2)
  A frost giant skeleton (Vaults:2)
  A guardian serpent (shapeshifter) (Vaults:4)
  14 naga magi
  An eye of devastation (Vaults:1)
  A titan simulacrum (Depths:3)
  A fire giant skeleton (Depths:1)
  16 elephants
  22 vault sentinels
  40 black mambas
  A black mamba (shapeshifter) (Vaults:2)
  A spiny frog (shapeshifter) (Depths:4)
  16 spiny frogs
  3 gargoyles
  3 molten gargoyles (Lair:6)
  A torpor snail (Gauntlet)
  5 spectral swamp worms (Depths:2)
  An orc skeleton (Vaults:1)
  An orange demon (Depths:3)
  72 yaktaurs
  A redback zombie (D:15)
  2 rime drakes (shapeshifter)
  An efreet (D:13)
  7 komodo dragons
  2 hellwings (Depths:3)
  6 tengu conjurers
  2 rime drakes (Lair:6)
  7 freezing wraiths
  A kobold demonologist (D:11)
  A yaktaur skeleton (Depths:1)
  2 golden dragon simulacra (Depths:3)
  2 red devils (Depths:4)
  6 ice devils
  3 jumping spiders (shapeshifter)
  2 meliai (shapeshifter) (Depths:4)
  A sphinx simulacrum (Depths:1)
  11 trolls
  A tengu simulacrum (Depths:3)
  10 tyrant leeches
  3 polar bears
  A raiju (Gauntlet)
  36 slime creatures
  A hornet (shapeshifter) (Depths:4)
  10 hornets
  A blink frog (shapeshifter) (Depths:3)
  Prince Ribbit (D:8)
  6 blink frogs
  14 hippogriffs
  11 bog bodies
  2 snapping turtles (shapeshifter)
  11 dream sheep (Lair:4)
  A redback (shapeshifter) (D:13)
  A spriggan (shapeshifter) (Vaults:1)
  2 redbacks
  An ice dragon skeleton (Depths:1)
  5 spriggans
  9 wraiths
  2 vampires
  A tarantella (Orc:1)
  13 wyverns
  An ettin skeleton (Depths:1)
  5 water elementals
  4 large abominations
  29 yaks
  A ynoxinul (Depths:5)
  A human (shapeshifter) (Vaults:1)
  2 golden eyes (shapeshifter)
  9 basilisks
  A golden eye (Vaults:3)
  3 steam dragons
  8 vampire mosquitoes
  3 hungry ghosts
  4 small abominations (Depths:2)
  6 chaos spawn
  A swamp worm (shapeshifter) (Vaults:4)
  A death yak simulacrum (Lair:4)
  76 nagas
  16 swamp worms
  Menkaure (D:6)
  3 acid dragons
  11 insubstantial wisps
  4 wargs
  34 water moccasins
  2 soldier ants (D:13)
  A water moccasin (shapeshifter) (Depths:4)
  2 deep troll skeletons
  4 porcupines
  Duvessa (D:4)
  6 hell hounds
  13 swamp drakes
  67 orc warriors
  2 sky beasts
  3 black bears
  3 phantoms
  5 ice beasts
  2 black bears (shapeshifter) (Depths:4)
  2 necrophages
  2 spriggan simulacra
  A black mamba simulacrum (Lair:4)
  35 ogres
  17 boggarts
  11 crocodiles
  25 centaurs
  An elf skeleton (Vaults:3)
  2 big kobolds
  2 yaktaur zombies (Vaults:1)
  15 bullfrogs
  2 elf zombies
  A wyvern zombie (D:11)
  A glowing shapeshifter simulacrum (Depths:3)
  Dowan (D:4)
  2 spiny frog simulacra (Lair:4)
  7 scorpions
  6 killer bees
  12 wights
  2 elf simulacra
  10 howler monkeys
  An electric eel (Lair:1)
  7 crimson imps
  3 bullfrog zombies
  5 lava snakes (Lair:6)
  3 centaur zombies
  A human simulacrum (Vaults:3)
  5 quasits
  29 orc priests
  5 jellies
  4 centaur skeletons
  3 bullfrog skeletons
  7 hounds
  4 human zombies
  3 gnoll shamans
  An iron imp (Depths:3)
  3 iguanas
  13 worker ants
  23 orc wizards
  A hound zombie (Ossuary)
  2 hound skeletons
  4 mummies (Ossuary)
  A worker ant zombie (D:11)
  A howler monkey skeleton (D:5)
  16 gnolls
  29 adders
  4 shadow imps
  9 white imps
  11 ufetubi
  An adder skeleton (D:4)
  3 worms
  2 dart slugs
  4 leopard geckos
  143 orcs
  7 bats
  2 giant cockroaches
  2 gnoll zombies (Ossuary)
  15 goblins
  10 hobgoblins
  8 jackals
  5 quokkas
  11 frilled lizards
  A hobgoblin zombie (Ossuary)
  A jackal zombie (Ossuary)
  26 kobolds
  A kobold zombie (Ossuary)
  An orc zombie (Ossuary)
  6 rats
  2 rat zombies (Ossuary)
  A spectral orc (D:5)
  2 fungi
  12 plants
2241 creatures vanquished.

Vanquished Creatures (collateral kills)
  A juggernaut (Depths:2)
  An orc warlord (Orc:2)
  A naga warrior (Snake:2)
  2 salamanders (Snake:2)
  2 nagas (Snake:2)
  2 orc warriors (Orc:2)
  3 orc priests (Orc:2)
  An orc wizard (Orc:2)
  3 orcs (Orc:2)
16 creatures vanquished.

Vanquished Creatures (others)
  A fire giant (Vaults:5)
  A naga warrior (Snake:3)
  A spriggan druid (Swamp:4)
  A swamp dragon (Swamp:4)
  An ironbrand convoker (Vaults:3)
  A deep elf mage (WizLab)
  A tyrant leech (Swamp:3)
  A golden eye (Vaults:3)
  2 nagas (Snake:3)
  An insubstantial wisp (Swamp:4)
  A swamp drake (Swamp:1)
  3 orc warriors
  An ogre (Depths:3)
  2 orc priests
  An orc wizard (Vaults:5)
  2 white imps (IceCv)
  4 ufetubi (IceCv)
  A ball lightning (Depths:4)
  3 orcs
  4 fungi
  A plant (Lair:6)
34 creatures vanquished.

Grand Total: 2291 creatures vanquished

Notes
Turn   | Place    | Note
-------+----------+-------------------------------------------
     0 | D:1      | sanboga the Gargoyle Berserker began the quest for the Orb.
     0 | D:1      | Reached XP level 1. HP: 14/14 MP: 1/1
   273 | D:1      | Reached XP level 2. HP: 17/19 MP: 2/2
   278 | D:1      | Reached skill level 3 in Axes
   512 | D:1      | Reached ** piety under Trog
   514 | D:1      | Reached XP level 3. HP: 21/23 MP: 3/3
   547 | D:1      | Found a shimmering altar of Xom.
  1194 | D:2      | Found an opulent altar of Gozag.
  1209 | D:2      | Reached XP level 4. HP: 26/29 MP: 4/4
  1279 | D:2      | Found a radiant altar of Vehumet.
  1280 | D:2      | Found a white marble altar of Elyvilon.
  1354 | D:2      | Reached skill level 4 in Axes
  1373 | D:2      | Reached XP level 5. HP: 24/33 MP: 5/5
  1878 | D:3      | Reached *** piety under Trog
  1927 | D:3      | Found a hide-covered altar of Uskayaw.
  2287 | D:3      | Reached XP level 6. HP: 39/39 MP: 6/6
  2550 | D:4      | Reached skill level 5 in Axes
  2559 | D:4      | Noticed Dowan
  2560 | D:4      | Noticed Duvessa
  2578 | D:4      | Killed Duvessa
  2578 | D:4      | Reached skill level 5 in Fighting
  2578 | D:4      | Reached XP level 7. HP: 42/44 MP: 7/7
  2581 | D:4      | Killed Dowan
  2632 | D:4      | Found Toucw's Assorted Antiques.
  2650 | D:4      | Bought a scroll of identify for 56 gold pieces
  2670 | D:4      | Found Qovina's Jewellery Shop.
  2738 | D:4      | Reached **** piety under Trog
  2897 | D:5      | Entered Level 5 of the Dungeon
  2897 | D:5      | Found a shadowy altar of Dithmenos.
  3037 | D:5      | Found a staircase to the Ecumenical Temple.
  3053 | D:5      | Found a sparkling altar of Nemelex Xobeh.
  3216 | D:5      | Reached skill level 5 in Armour
  3325 | D:5      | Reached skill level 6 in Axes
  3554 | D:5      | Found a basalt altar of Yredelemnul.
  3698 | D:6      | Reached XP level 8. HP: 51/51 MP: 8/8
  4025 | D:4      | Bought a glowing battleaxe for 266 gold pieces
  4063 | D:6      | Reached skill level 7 in Axes
  4240 | D:6      | Noticed Menkaure
  4242 | D:6      | Killed Menkaure
  4259 | D:6      | Found a deep blue altar of Sif Muna.
  4279 | D:6      | Identified Sif Muna's Handbook of Beguiling
  4653 | D:7      | Reached XP level 9. HP: 56/56 MP: 9/9
  4735 | D:7      | Reached skill level 8 in Axes
  5275 | D:7      | Reached ***** piety under Trog
  5438 | D:8      | Noticed Erica
  5496 | D:8      | Killed Erica
  5496 | D:8      | Reached skill level 9 in Axes
  5506 | D:8      | Found a sand-covered staircase.
  5511 | Ossuary  | Entered an ossuary
  5524 | Ossuary  | Reached XP level 10. HP: 48/64 MP: 10/10
  6234 | D:8      | Noticed Prince Ribbit
  6249 | D:8      | Killed Prince Ribbit
  6272 | D:8      | Reached skill level 10 in Axes
  6341 | D:8      | Found a staircase to the Lair.
  6681 | D:9      | Found a shattered altar of Ashenzari.
  7564 | D:9      | You fall through a shaft for 2 floors!
  7568 | D:10     | Entered Level 10 of the Dungeon
  7731 | D:10     | Found Niuj's Book Shop.
  7780 | D:10     | Found Uruster's Armour Shop.
  7874 | D:10     | Found Qopou's Food Shop.
  7982 | D:10     | Reached XP level 11. HP: 71/71 MP: 11/11
  7990 | D:10     | Reached skill level 11 in Axes
  8075 | D:10     | Received a gift from Trog
  8221 | D:10     | Noticed a two-headed ogre
  8232 | D:10     | Killed a two-headed ogre
  8232 | D:10     | Reached skill level 10 in Fighting
  8444 | D:11     | You fall through a shaft for 3 floors!
  8526 | D:14     | Found a frozen archway.
  8538 | IceCv    | Entered an ice cave
  8657 | IceCv    | Reached skill level 10 in Armour
  9026 | IceCv    | Noticed a reaper
  9036 | IceCv    | Killed a reaper
  9036 | IceCv    | Reached skill level 12 in Axes
  9276 | D:12     | Paralysed by fainting for 6 turns
  9306 | D:12     | Found a portal to a secret trove of treasure.
  9410 | D:12     | Found a staircase to the Orcish Mines.
  9448 | D:12     | Reached XP level 12. HP: 79/79 MP: 12/12
  9487 | D:11     | Noticed a two-headed ogre
  9505 | D:11     | Killed a two-headed ogre
  9540 | D:12     | Reached ****** piety under Trog
  9575 | D:12     | Received a gift from Trog
  9839 | D:11     | Found a bloodstained altar of Trog.
 10054 | D:11     | Reached skill level 13 in Axes
 10413 | Lair:1   | Entered Level 1 of the Lair of Beasts
 10693 | Lair:1   | Noticed Fannar
 10740 | Lair:1   | Killed Fannar
 10862 | Lair:1   | Found an ancient bone altar of Kikubaaqudgha.
 11315 | Lair:2   | Received a gift from Trog
 11315 | Lair:2   | Reached XP level 13. HP: 64/86 MP: 13/13
 12090 | Lair:3   | Noticed Rupert
 12094 | Lair:3   | Reached skill level 14 in Axes
 12121 | Lair:3   | Killed Rupert
 12208 | Lair:3   | Found a staircase to the Snake Pit.
 12948 | Lair:4   | Found a runed translucent gate.
 12948 | Lair:4   | Found a runed translucent gate.
 12948 | Lair:4   | Found a runed translucent gate.
 12973 | Lair:4   | Noticed caco's ghost (journeyman GrBe)
 13002 | Lair:4   | Killed caco's ghost
 13055 | Lair:4   | Noticed Josephine
 13065 | Lair:4   | Killed Josephine
 13528 | Lair:4   | Found a staircase to the Swamp.
 13648 | Lair:4   | Received a gift from Trog
 13751 | Lair:4   | Reached skill level 15 in Axes
 13774 | Lair:4   | Gained mutation: Your large and strong wings let you fly
                  | indefinitely. [Gargoyle growth]
 13774 | Lair:4   | Reached XP level 14. HP: 39/94 MP: 14/14
 14080 | Lair:5   | Found a staircase to the Slime Pits.
 14888 | Lair:6   | Entered Level 6 of the Lair of Beasts
 14888 | Lair:6   | Found a gate leading to a gauntlet.
 14903 | Gauntlet | Entered a Gauntlet
 14903 | Gauntlet | Found a transporter.
 14903 | Gauntlet | Found a transporter.
 14944 | Gauntlet | Found a transporter.
 14966 | Gauntlet | Found a transporter.
 14974 | Gauntlet | Found a transporter.
 14978 | Gauntlet | Found a transporter.
 14986 | Gauntlet | Found a transporter.
 15006 | Gauntlet | Found a transporter.
 15021 | Gauntlet | Found a transporter.
 15025 | Gauntlet | Found a transporter.
 15027 | Gauntlet | Found a runed translucent door.
 15029 | Gauntlet | Found a runed translucent door.
 15033 | Gauntlet | Found a transporter.
 15037 | Gauntlet | Found a transporter.
 15257 | Gauntlet | Got a fine cloak
 15268 | Gauntlet | Identified the +2 cloak "Omotrud" {rElec rPois Str+5 Dex-3}
                  | (You found it in a Gauntlet)
 15343 | Gauntlet | Identified the Tome of Aid and the Snowflakes
 15344 | Gauntlet | Got a fine turquoise ring
 15358 | Lair:6   | Reached skill level 16 in Axes
 15369 | Lair:6   | Identified the ring of Ythith {AC+2 Str+4} (You found it in
                  | a Gauntlet)
 15616 | Lair:6   | Got a fine steel ring
 15617 | Lair:6   | Identified the ring "Gerar" {rF+ MR+ Int+4 Stlth+} (You
                  | found it on level 6 of the Lair of Beasts)
 15637 | Lair:6   | Reached XP level 15. HP: 67/100 MP: 15/15
 15657 | Lair:6   | Received a gift from Trog
 15875 | Lair:6   | Found a large runed translucent door.
 15876 | Lair:6   | Found a large runed translucent door.
 16474 | Orc:1    | Entered Level 1 of the Orcish Mines
 16474 | Orc:1    | Found a roughly hewn altar of Beogh.
 17089 | Orc:1    | Received a gift from Trog
 17179 | Orc:2    | Entered Level 2 of the Orcish Mines
 17469 | Orc:2    | Found a roughly hewn altar of Beogh.
 17670 | Orc:2    | Found Jempym's Magic Scroll Shop.
 17679 | Orc:2    | Bought a scroll of enchant weapon for 90 gold pieces
 17689 | Orc:2    | Found Yptuyzyg's Assorted Antiques.
 17700 | Orc:2    | Bought a scroll of blinking for 217 gold pieces
 17734 | Orc:2    | Reached skill level 17 in Axes
 17819 | Orc:2    | Received a gift from Trog
 17977 | Orc:2    | Found a staircase to the Elven Halls.
 18172 | Orc:2    | Noticed an orc warlord
 18184 | Orc:2    | Killed an orc warlord
 18189 | Orc:2    | Found a roughly hewn altar of Beogh.
 18263 | Orc:2    | Found Fipeliq's Weapon Emporium.
 18276 | Orc:2    | Received a gift from Trog
 18276 | Orc:2    | Reached skill level 15 in Fighting
 18380 | Orc:2    | Found Wufiotha's Jewellery Shoppe.
 18805 | D:12     | Found Itsidiw's Gadget Emporium.
 19039 | D:13     | Identified a scroll of acquirement
 19065 | D:13     | Reached skill level 15 in Armour
 19115 | D:13     | Received a gift from Trog
 19131 | D:13     | Reached XP level 16. HP: 92/108 MP: 16/16
 19238 | D:13     | Found a gate to the Vaults.
 20356 | D:15     | Entered Level 15 of the Dungeon
 20553 | D:15     | Found a staircase to the Depths.
 20748 | D:15     | Reached skill level 18 in Axes
 21666 | Swamp:1  | Entered Level 1 of the Swamp
 21666 | Swamp:1  | Noticed a thorn hunter
 21675 | Swamp:1  | Killed a thorn hunter
 21912 | Swamp:1  | Received a gift from Trog
 21921 | Swamp:1  | Got a brightly glowing battleaxe {god gift}
 21922 | Swamp:1  | Identified the +9 battleaxe "Kianur" {venom, *Rage rElec
                  | Str+4 Int+2} (Trog gifted it to you on level 1 of the
                  | Swamp)
 22488 | Swamp:2  | Noticed a thorn hunter
 22495 | Swamp:2  | Killed a thorn hunter
 23174 | Swamp:3  | Reached XP level 17. HP: 95/115 MP: 17/17
 23628 | Swamp:4  | Entered Level 4 of the Swamp
 23783 | Swamp:3  | HP: 5/172 [alligator[a spriggan druid] (14)]
 23789 | Swamp:3  | HP: 5/172 [spriggan druid/angry trees (1)]
 24145 | Swamp:4  | Received a gift from Trog
 24164 | Swamp:4  | Reached skill level 19 in Axes
 24419 | Swamp:4  | Received a gift from Trog
 24441 | Swamp:4  | Got a decaying rune of Zot
 24847 | Snake:1  | Entered Level 1 of the Snake Pit
 25402 | Snake:1  | Received a gift from Trog
 25624 | Snake:2  | Found Ykuhor's Magic Scroll Shoppe.
 25640 | Snake:2  | Bought a scroll of acquirement for 832 gold pieces
 25640 | Snake:2  | Bought a scroll of enchant weapon for 120 gold pieces
 25640 | Snake:2  | Bought a scroll of enchant armour for 120 gold pieces
 25643 | Snake:2  | Got a pair of crude boots
 25654 | Snake:2  | Identified the -3 pair of boots of Distant Worlds {rF-
                  | Int+4 Dex+4} (You acquired it on level 2 of the Snake Pit)
 25715 | Snake:2  | Found Pacionass's Armour Shop.
 25823 | Snake:2  | Reached XP level 18. HP: 25/123 MP: 18/18
 25933 | Snake:2  | Found Caakeikh's Food Emporium.
 26062 | Snake:2  | Found Xetuol's Distillery.
 26070 | Snake:2  | Bought a potion of mutation for 104 gold pieces
 26691 | Snake:3  | Received a gift from Trog
 26738 | Snake:3  | Noticed Nikola
 26770 | Snake:3  | Killed Nikola
 27055 | Snake:4  | Entered Level 4 of the Snake Pit
 27064 | Snake:4  | Reached skill level 20 in Axes
 27251 | Snake:4  | Received a gift from Trog
 27469 | Snake:4  | Found an ornate altar of the Wu Jian Council.
 27811 | Snake:4  | Reached XP level 19. HP: 130/130 MP: 19/19
 27813 | Snake:4  | Received a gift from Trog
 28027 | Snake:4  | Got a serpentine rune of Zot
 28552 | Vaults:1 | Entered Level 1 of the Vaults
 28712 | Vaults:1 | Found Wecras's Antique Weapon Shoppe.
 28787 | Vaults:1 | Found Eraleiq's Distillery.
 28816 | Vaults:1 | Bought a potion of heal wounds for 70 gold pieces
 28843 | Vaults:1 | Found Pec Gangi's Gadget Boutique.
 28850 | Vaults:1 | Found Gonoronlu's Antique Armour Shop.
 28933 | Vaults:1 | Found Diokhana's Assorted Antiques.
 28952 | Vaults:1 | Bought a scroll of enchant weapon for 337 gold pieces
 28969 | Vaults:1 | Reached skill level 21 in Axes
 28981 | Vaults:1 | Received a gift from Trog
 29575 | Vaults:1 | Received a gift from Trog
 29808 | Vaults:1 | Identified the +4 morningstar "Kazar" {crush, rElec Int+2}
 29919 | Vaults:1 | Reached XP level 20. HP: 137/137 MP: 20/20
 30564 | Vaults:2 | Paralysed by a sphinx for 7 turns
 30618 | Vaults:2 | Received a gift from Trog
 30634 | Vaults:2 | Noticed Frederick
 30645 | Vaults:2 | Killed Frederick
 30938 | Vaults:2 | Reached skill level 22 in Axes
 30948 | Vaults:2 | Noticed Margery
 30956 | Vaults:2 | Killed Margery
 31050 | Vaults:2 | Noticed Mara
 31064 | Vaults:2 | Noticed sanboga's illusion
 31072 | Vaults:2 | Killed Mara
 31072 | Vaults:2 | Received a gift from Trog
 31659 | Vaults:2 | Reached XP level 21. HP: 114/144 MP: 21/21
 31925 | Vaults:3 | Identified the cursed +1 war axe of Anguish {protect, rElec
                  | rF+ Str+7}
 31929 | Vaults:3 | Cast into level 2 of the Abyss (a wizard)
 31946 | Abyss:2  | Noticed a profane servitor
 31958 | Abyss:2  | Killed a profane servitor
 31964 | Vaults:3 | Escaped the Abyss
 31988 | Vaults:3 | Cast into level 2 of the Abyss (orc knight)
 32004 | Vaults:3 | Escaped the Abyss
 32025 | Vaults:3 | Received a gift from Trog
 32081 | Vaults:3 | Got a faintly glowing battleaxe {god gift}
 32082 | Vaults:3 | Identified the +6 battleaxe of Ugirirou {chop, MR+ Str-5
                  | Dex+4} (Trog gifted it to you on level 3 of the Vaults)
 32504 | Vaults:3 | Found Lossi's Jewellery Boutique.
 33108 | Vaults:3 | Found a staircase to the Crypt.
 33218 | Vaults:4 | Received a gift from Trog
 33234 | Vaults:4 | Noticed Saint Roka
 33568 | Vaults:4 | Received a gift from Trog
 34216 | Vaults:4 | Reached skill level 23 in Axes
 34226 | Vaults:4 | Killed Saint Roka
 34582 | Vaults:4 | Reached XP level 22. HP: 91/152 MP: 22/22
 34891 | Vaults:4 | Received a gift from Trog
 35388 | Vaults:5 | Entered Level 5 of the Vaults
 35442 | Vaults:5 | Noticed a golden dragon
 35750 | Vaults:4 | Received a gift from Trog
 35766 | Vaults:5 | Killed a golden dragon
 35775 | Vaults:5 | Noticed an ancient lich
 35988 | Vaults:5 | Noticed a golden dragon
 36191 | Vaults:5 | Reached skill level 24 in Axes
 36257 | Vaults:5 | Noticed a golden dragon
 36263 | Vaults:4 | Reached XP level 23. HP: 160/160 MP: 23/23
 36270 | Vaults:4 | Killed an ancient lich
 36270 | Vaults:4 | Received a gift from Trog
 36429 | Vaults:4 | Killed a golden dragon
 36457 | Vaults:5 | Identified the +1 robe of Meenonla {rElec}
 36540 | Vaults:5 | Killed a golden dragon
 36643 | Vaults:5 | Identified the cursed +3 bardiche of True Grit {chop, rC++
                  | Int+4}
 36937 | Vaults:5 | Identified the +6 storm dragon scales of Hide-and-Seek
                  | {rElec Stlth+}
 37048 | Vaults:5 | Noticed an ancient lich
 37057 | Vaults:5 | Paralysed by an ancient lich for 3 turns
 37061 | Vaults:5 | Killed an ancient lich
 37281 | Vaults:5 | Received a gift from Trog
 37376 | Vaults:5 | Got a silver rune of Zot
 37394 | Vaults:5 | Got a translucent garnet amulet
 37426 | Vaults:5 | Noticed a golden dragon
 37434 | Vaults:5 | Killed a golden dragon
 37707 | Vaults:5 | Identified the amulet "Both" {Inacc +Fly} (You found it on
                  | level 5 of the Vaults)
 37958 | Depths:1 | Entered Level 1 of the Depths
 37984 | Depths:1 | Received a gift from Trog
 38052 | Depths:1 | Found a gateway to a ziggurat.
 38144 | Depths:1 | Reached XP level 24. HP: 133/168 MP: 23/23
 38305 | Depths:1 | Found a one-way gate leading to the halls of Pandemonium.
 38330 | Depths:1 | Found a gateway to Hell.
 38596 | Depths:1 | Reached skill level 25 in Axes
 38655 | Depths:1 | Found a sparkling altar of Nemelex Xobeh.
 38805 | Depths:1 | Received a gift from Trog
 39133 | Depths:2 | Found a magical portal.
 39146 | WizLab   | Entered Iskenderun's Mystic Tower
 39805 | WizLab   | Identified Iskenderun's Grimoire of Confrontation
 39805 | WizLab   | Identified Iskenderun's Papyrus of Battle Magic
 39837 | WizLab   | Identified the Grimoire of Unholy Conjuration
 39992 | Depths:2 | Found a transporter.
 39996 | Depths:2 | Noticed a juggernaut
 40054 | Depths:2 | Identified the +5 morningstar "Yrimn" {drain, rF+ MR+}
 40055 | Depths:2 | Noticed a juggernaut
 40055 | Depths:2 | Noticed bepnewt's ghost (adept MiFi)
 40057 | Depths:2 | Found a bloodstained altar of Trog.
 40063 | Depths:2 | Identified the +3 rapier "Zuizicuc" {pierce, rN+}
 40063 | Depths:2 | Identified the cursed +0 quick blade "Heiczomu" {antimagic,
                  | MR+ Str+5 Dex-2}
 40092 | Depths:2 | Found a transporter.
 40132 | Depths:2 | Found a one-way gate to the infinite horrors of the Abyss.
 40147 | Depths:2 | Received a gift from Trog
 40243 | Depths:2 | Noticed Sojobo
 40253 | Depths:2 | Killed Sojobo
 40510 | Depths:2 | Noticed a greater mummy
 40520 | Depths:2 | Killed a greater mummy
 40581 | Depths:2 | Noticed a greater mummy
 40593 | Depths:2 | Killed a greater mummy
 40651 | Depths:2 | Noticed a greater mummy
 40652 | Depths:2 | Found the +7 sceptre of Torment {pain, torment}
 40665 | Depths:2 | Killed a greater mummy
 41127 | Depths:2 | Killed a juggernaut
 41774 | Depths:3 | Reached XP level 25. HP: 155/175 MP: 23/23
 41786 | Depths:3 | Received a gift from Trog
 41854 | Depths:3 | Found a runed translucent gate.
 41854 | Depths:3 | Found a runed translucent gate.
 41854 | Depths:3 | Found a runed translucent gate.
 41858 | Depths:3 | Noticed an ancient lich
 41859 | Depths:3 | Noticed an ancient lich
 41859 | Depths:3 | Noticed Xutext's ghost (adept DsAK)
 41919 | Depths:3 | Killed an ancient lich
 41924 | Depths:3 | Killed Xutext's ghost
 41927 | Depths:3 | Killed an ancient lich
 41946 | Depths:3 | Identified the Tome of Ghastly Confrontation
 41963 | Depths:3 | Noticed a juggernaut
 41975 | Depths:3 | Killed a juggernaut
 41975 | Depths:3 | Reached skill level 26 in Axes
 42052 | Depths:3 | Identified the +6 halberd "Nifuplytz" {flame, rElec}
 42061 | Depths:3 | Received a gift from Trog
 42333 | Depths:3 | Found Setikix's Jewellery Shop.
 42767 | Depths:4 | Received a gift from Trog
 42782 | Depths:4 | Noticed Jory
 42794 | Depths:4 | Killed Jory
 42901 | Depths:4 | Found a transporter.
 43135 | Depths:4 | Found the +8 trident of the Octopus King {venom, rElec
                  | rPois MR+}
 43139 | Depths:4 | Noticed Xtahua
 43149 | Depths:4 | Paralysed by Xtahua for 7 turns
 43163 | Depths:4 | Killed Xtahua
 43210 | Depths:4 | Found a transporter.
 43350 | Depths:4 | Reached XP level 26. HP: 183/183 MP: 23/23
 43380 | Depths:4 | Got a bound brass ring
 43398 | Depths:4 | Got a sparkling jade ring
 43402 | Depths:4 | Identified the ring "Erukk" {rElec rF- MP+9 Str+3 Dex+4}
                  | (You found it on level 4 of the Depths)
 43403 | Depths:4 | Identified the ring "Veca" {MR+ AC+5 Slay-4 SInv} (You
                  | found it on level 4 of the Depths)
 43501 | Depths:4 | Found a runed translucent gate.
 43501 | Depths:4 | Found a runed translucent gate.
 43502 | Depths:4 | Found a runed translucent gate.
 43533 | Depths:4 | Found a runed translucent gate.
 43533 | Depths:4 | Found a runed translucent gate.
 43542 | Depths:4 | Noticed Xutext's ghost (adept DsAK)
 43544 | Depths:4 | Found a runed translucent gate.
 43570 | Depths:4 | Gained mutation: Your body sometimes deteriorates upon
                  | taking damage. [a cacodemon]
 43572 | Depths:4 | Killed Xutext's ghost
 43594 | Depths:4 | Got a pair of crude gloves
 43738 | Depths:4 | Identified the +1 pair of gloves "Qaarph" {*Drain rElec
                  | Str+4 Dex+2} (You found it on level 4 of the Depths)
 44500 | Depths:5 | Entered Level 5 of the Depths
 44590 | Depths:5 | Received a gift from Trog
 44612 | Depths:5 | Reached skill level 27 in Axes
 44635 | Depths:5 | Found a gate to the Realm of Zot.
 45404 | Zot:1    | Entered Level 1 of the Realm of Zot
 46173 | Zot:1    | Received a gift from Trog
 46186 | Zot:1    | HP: 2/276 [acid (14)]
 46187 | Zot:1    | Splashed by an acid blob's acid

Skill      XL: |  1  2  3  4  5  6  7  8  9 10 11 12 13 14 15 16 17 18 19 20 21 22 23 24 25 26 |
---------------+-------------------------------------------------------------------------------+-----
Axes           | 3 4 5 6 7 9 10 12 13 15 16 17 18 19 20 21 22 23 24 25 26 27 | 27.0
Armour         | 3 4 5 6 7 9 10 11 12 14 15 16 17 18 19 20 21 22 23 24 | 24.1
Fighting       | 4 5 6 8 9 10 12 13 14 15 16 17 18 19 20 21 22 23 24 | 24.2
Dodging        | |  1.5

Action                   |  1- 3 |  4- 6 |  7- 9 | 10-12 | 13-15 | 16-18 | 19-21 | 22-24 | 25-27 || total
-------------------------+-------+-------+-------+-------+-------+-------+-------+-------+-------++-------
Melee: Hand axe          |   111 |   187 |       |       |    53 |       |       |       |       ||   351
       War axe           |       |    80 |   268 |   133 |       |       |       |       |       ||   481
       Battleaxe         |       |       |    89 |   731 |   143 |   449 |       |       |       ||  1412
       Executioner's axe |       |       |       |       |   858 |   694 |   901 |   868 |   536 ||  3857
Invok: Berserk           |       |       |     1 |     7 |     5 |     5 |     4 |     6 |     5 ||    33
       Brothers in Arms  |       |       |       |       |     2 |       |       |     3 |       ||     5
 Abil: Fly               |       |       |       |       |     1 |       |       |       |       ||     1
Evoke: Wand              |       |       |       |       |     3 |       |       |       |       ||     3
  Use: Scroll            |     4 |     6 |    11 |     9 |    14 |    15 |    12 |     7 |     5 ||    83
       Potion            |     2 |     1 |     1 |     3 |     2 |     1 |     2 |     2 |       ||    14
 Stab: Petrified         |       |       |       |       |    14 |       |       |       |       ||    14
       Distracted        |       |       |       |       |       |       |       |     2 |       ||     2
       Invisible         |       |       |       |       |       |       |       |     1 |       ||     1
  Eat: Chunk             |     1 |     5 |    12 |    19 |    24 |    23 |    18 |    17 |     7 ||   126
       Ration            |       |       |       |     5 |     3 |     3 |     3 |     4 |     3 ||    21
Armor: Animal skin       |    14 |       |       |       |       |       |       |       |       ||    14
       Chain mail        |    20 |   110 |       |       |       |       |       |       |       ||   130
       Crystal plate arm |       |   185 |   496 |  1220 |  1580 |  1683 |   978 |  1113 |   640 ||  7895
Dodge: Dodged            |    66 |   106 |    87 |   324 |   502 |   515 |   317 |   346 |   209 ||  2472
Block: Other             |       |       |       |       |       |       |    47 |       |       ||    47
       Reflection        |       |       |       |       |       |       |    10 |       |       ||    10
